 Dungeon Crawl Stone Soup version 0.27-a0-46-g34d46f0a3f (webtiles) character file.

Game seed: 6714914266084468115

57 chromaticdragonking the Sneak (level 3, -2/19 HPs)
             Began as a Vampire Enchanter on Jan 6, 2021.
             Slain by a gnoll
             ... wielding a +0 spear
              (6 damage)
             ... on level 2 of the Dungeon.
             The game lasted 00:03:57 (1317 turns).

chromaticdragonking the Sneak (Vampire Enchanter)   Turns: 1317, Time: 00:03:58

Health: -2/19      AC:  2    Str:  7    XL:     3   Next: 73%
Magic:  2/6        EV: 13    Int: 17    God:
Gold:   43         SH:  0    Dex: 15    Spells: 0/6 levels left

rFire    . . .     SeeInvis +   j - +2 short sword (speed)
rCold    + + .     Faith    .   (no shield)
rNeg     + + +     Spirit   .   b - +0 robe
rPois    ∞         Reflect  .   (no helmet)
rElec    .         Harm     .   (no cloak)
rCorr    .         Rampage  .   (no gloves)
Will     .....                  (no boots)
Stlth    +++++.....             (no amulet)
HPRegen  0.00/turn              (no ring)
MPRegen  0.10/turn              (no ring)

@: very slightly contaminated, bloodless
A: fangs 3, see invisible, unbreathing
a: Bat Form, Revivify


You were on level 2 of the Dungeon.
You visited 1 branch of the dungeon, and saw 2 of its levels.

You collected 43 gold pieces.

Inventory:

Hand Weapons
 a - a +1 dagger
 j - a +2 short sword of speed (weapon)
Armour
 b - a +0 robe (worn)
Scrolls
 c - a scroll of remove curse {unknown}
 d - 5 scrolls of identify {unknown}
 f - a scroll of blinking {unknown}
 g - a scroll of fog {unknown}
 l - a scroll of magic mapping {unknown}
Potions
 e - 2 potions of curing {unknown}
 h - a potion of might {unknown}
 i - a potion of ambrosia {unknown}
 k - a potion of resistance {unknown}
 m - a potion of haste {unknown}


   Skills:
 + Level 0.2 Fighting
 * Level 1.7 Short Blades
 + Level 2.3 Dodging
 * Level 5.8 Stealth
 + Level 2.2 Spellcasting
 + Level 5.0 Hexes


You couldn't memorise any spells.
You knew the following spells:

 Your Spells              Type           Power        Failure   Level
a - Corona                Hex            21%          2%          1
b - Ensorcelled Hibernat  Hex/Ice        20%          10%         2
c - Confusing Touch       Hex            19%          7%          3

Your spell library contained the following spells:

 Spells                   Type           Power        Failure   Level
 Tukima's Dance           Hex            19%          7%          3
 Dazzling Flash           Conj/Hex       20%          21%         3


Dungeon Overview and Level Annotations

Branches:
Dungeon (2/15)

Altars:


Innate Abilities, Weirdness & Mutations

You do not regenerate when monsters are visible.
You are frail without blood (-20% HP).
You can heal yourself when you bite living creatures.
You are immune to poison.
You have razor-sharp teeth.
You have supernaturally acute eyesight. (SInv)
You can survive without breathing.


Message History

The gnoll shouts! x2
The gnoll hits you. The gnoll hits you with a +0 spear.
Casting: Ensorcelled Hibernation (safe; 10% risk of failure)
Confirm with . or Enter, or press ? or * to list all spells.
Aiming: Ensorcelled Hibernation (safe; 10% risk of failure)
Press: ? - help, Shift-Dir - straight line, f - gnoll
Aim: a gnoll, wielding a +0 spear (chance to affect: 50%)
You miscast Ensorcelled Hibernation.
You are very lightly contaminated with residual magic.
Nothing appears to happen.
The gnoll completely misses you. The gnoll hits you with a +0 spear!
* * * LOW HITPOINT WARNING * * *
Casting: Ensorcelled Hibernation (safe; 10% risk of failure)
Confirm with . or Enter, or press ? or * to list all spells.
Aiming: Ensorcelled Hibernation (safe; 10% risk of failure)
Press: ? - help, Shift-Dir - straight line, f/p - gnoll
Aim: a gnoll, wielding a +0 spear (chance to affect: 50%)
The gnoll resists with some effort.
The gnoll barely misses you. The gnoll hits you with a +0 spear.
You die...

#.....## #.#..#. #.
#.....# #...... #.
#.....#####..#.# #.
###.#..........# #.
#.#.......##.. ##.
#.#.......##.#
#..####.#†......##..
#.#g..#......>..###.
#.g@...........## .
#..............# .
#..............#
#..............#
#.....$.....####
#.#....#...##
#.###.###### #. #..#
..


You could see 2 gnolls.

Vanquished Creatures
  A gnoll (D:2)
  An ooze (D:1)
  A dart slug (D:1)
  A worm (D:2)
  A leopard gecko (D:1)
  A ball python (D:1)
  7 bats (D:1)
  4 giant cockroaches
  8 goblins
  2 hobgoblins (D:1)
  3 kobolds
  2 frilled lizards (D:1)
  4 rats (D:1)
36 creatures vanquished.

Notes
Turn   | Place    | Note
-------+----------+-------------------------------------------
     0 | D:1      | chromaticdragonking the Vampire Enchanter began the quest
                  | for the Orb.
     0 | D:1      | Reached XP level 1. HP: 13/13 MP: 3/3
   222 | D:1      | Reached XP level 2. HP: 15/15 MP: 3/5
   246 | D:1      | Learned a level 2 spell: Ensorcelled Hibernation
   282 | D:1      | Reached skill level 5 in Stealth
   740 | D:1      | Reached XP level 3. HP: 19/19 MP: 6/6
   744 | D:1      | Learned a level 3 spell: Confusing Touch
   779 | D:1      | Reached skill level 5 in Hexes
  1317 | D:2      | Slain by a gnoll

Illustrated notes

Levels and vault maps discovered:
D:1:      lemuel_arrival_muddy, layout_basic
D:2:      layout_rooms, uniq_jessica

Skill      XL: |  1  2  3 |
---------------+----------+-----
Stealth        | 5 |  5.8
Hexes          | 5 |  5.0
Fighting       | |  0.2
Short Blades   | |  1.7
Dodging        | |  2.3
Spellcasting   | |  2.2

Action                   || total
-------------------------++-------
Melee: Dagger            ||    75
       Bite              ||     5
       Short sword       ||     4
 Cast: Corona            ||    10
       Ensorcelled Hiber ||     9
 Abil: Exsanguinate      ||     1
 Stab: Sleeping          ||    24
Armor: Robe              ||    24
Dodge: Dodged            ||    65

Table legend: (Time is in decaauts)
 A = Elapsed time spent in this place.
 B = Non-inter-level travel time spent in this place.
 C = Inter-level travel time spent in this place.
 D = Time resting spent in this place.
 E = Time spent auto-exploring this place.
 F = Levels seen in this place.
 G = Mean time per level.
                   A        B        C        D        E       F      G
               +--------+--------+--------+--------+--------+-----+--------+
         Total |   1312 |   1277 |     35 |    274 |    734 |   2 |  656.0 |
       Dungeon |   1312 |   1277 |     35 |    274 |    734 |   2 |  656.0 |
               +--------+--------+--------+--------+--------+-----+--------+

Top non-repeatable levels by time:
     D:1: 1038 daAuts
     D:2: 274 daAuts
